Map: Acropolis LE

Players

TiPtOP - Winner!

  • Race: Terran Terran
  • League: Silver
  • Spawn Location: 11:00

SoundWave

  • Race: Protoss Protoss
  • League: Silver
  • Spawn Location: 5:00

VOD

Have the link to the VOD?

Description

Time

  • Played on: Aug. 18, 2019, 9:50 a.m.
  • Length: 20:40
Show
View Real Time Build Order
Export as new Build Order

TiPtOP Terran - Winner!

Build Orders: Mech 

Get SALT Encoding   

  12  0:01  SCV  
  13  0:13  SCV  
  14  0:20  Supply Depot  
  14  0:25  SCV  
  15  0:41  SCV  
  16  0:43  Barracks  
  16  0:52  Supply Depot  
  16  0:53  SCV  
  17  1:06  SCV  
  17  1:07  Refinery  
  18  1:18  SCV  
  19  1:42  Marine  
  20  2:03  Refinery  
  20  2:08  Marine  
  21  2:22  Orbital Command  
  20  2:39  Barracks Tech Lab  
  20  2:46  Factory  
  20  2:52  Command Center  
  20  3:13  Engineering Bay  
  22  3:25  SCV  
  23  3:31  Bunker  
  21  3:37  SCV  
  22  3:44  Siege Tank  
  25  3:50  SCV  
  26  3:56  Missile Turret  
  26  4:02  SCV  
  27  4:04  Armory  
  27  4:14  SCV  
  27  4:16  Factory  
  28  4:26  SCV  
  28  4:29  Supply Depot  
  29  4:42  Siege Tank  
  32  4:46  SCV  
  33  4:55  Orbital Command  
  33  4:58  SCV  
  34  5:07  Supply Depot  
  34  5:10  SCV  
  35  5:23  SCV  
  36  5:30  Missile Turret, Factory Reactor, Supply Depot  
  36  5:33  SCV  
  36  5:35  SCV  
  38  5:36  Factory  
  38  5:40  Siege Tank  
  41  5:45  SCV  
  41  5:49  SCV  
  43  5:58  SCV  
  43  5:59  Missile Turret  
  43  6:01  SCV  
  45  6:10  SCV  
  46  6:13  SCV  
  47  6:19  Refinery  
  47  6:22  Missile Turret  
  47  6:25  Missile Turret  
  47  6:26  SCV x2  
  49  6:35  Factory Tech Lab  
  49  6:38  SCV, Command Center  
  50  6:47  SCV  
  51  6:50  Siege Tank, SCV  
  51  6:52  Hellion x2  
  59  6:56  Thor  
  59  6:59  SCV  
  66  7:02  Terran Vehicle Weapons Level 1  
  66  7:15  SCV  
  67  7:19  SCV  
  67  7:20  Missile Turret  
  68  7:27  SCV  
  69  7:31  SCV  
  70  7:45  Missile Turret  
  70  7:50  SCV x2  
  72  8:02  Supply Depot  
  72  8:03  Supply Depot x2  
  72  8:05  SCV x2, Supply Depot  
  74  8:13  Armory  
  74  8:17  SCV  
  74  8:18  Supply Depot x2  
  74  8:19  Supply Depot  
  75  8:21  Supply Depot  
  73  8:37  Thor x2  
  73  8:39  Hellion x2  
  89  8:44  Supply Depot  
  89  8:45  Supply Depot  
  89  8:53  Refinery  
  89  9:05  Orbital Command  
  89  9:13  Missile Turret  
  89  9:15  Refinery  
  89  9:17  Factory x2  
  89  9:19  Refinery  
  89  9:21  Factory  
  89  9:41  Thor x2  
  89  9:43  Hellion x2  
  105  10:26  Thor x2  
  105  10:28  Hellion, Hellbat  
  121  10:51  Hellion x2  
  121  10:53  Factory Reactor, Factory Tech Lab x2  
  125  11:09  Thor x2  
  137  11:14  Missile Turret  
  137  11:21  Thor x2  
  137  11:22  Hellion  
  137  11:23  Hellion  
  137  11:25  Infernal Pre-Igniter  
  153  11:44  Hellion  
  155  11:47  Hellbat  
  155  11:48  Hellbat  
  155  11:52  Thor  
  155  11:53  Command Center  
  165  12:02  Command Center, Supply Depot  
  165  12:03  Supply Depot x2  
  165  12:06  Supply Depot  
  165  12:08  Supply Depot  
  165  12:16  Command Center  
  165  12:21  Hellion, Thor x3  
  165  12:22  Hellion  
  187  12:24  Terran Vehicle Weapons Level 2  
  187  12:25  Terran Vehicle And Ship Armor Level 1  
  187  12:27  Supply Depot  
  187  12:56  SCV x3  
  190  13:08  SCV  
  191  13:20  Refinery  
  191  13:21  Refinery  
  191  13:22  Missile Turret x3  
  191  13:25  SCV  
  192  13:28  SCV  
  192  13:33  Planetary Fortress  
  193  13:38  SCV  
  193  13:40  SCV  
  195  13:50  SCV  
  194  14:30  SCV  
  187  14:40  Thor x2  
  187  14:41  Thor x2  
  187  14:42  SCV, Hellbat  
  187  14:43  Hellbat x3  
  134  15:04  Hellbat x2  
  132  15:10  Hellbat x2  
  130  15:23  Thor x3  
  130  15:24  Factory, Thor  
  130  15:25  Hellbat  
  130  15:27  Factory  
  156  15:33  Hellbat x3  
  162  15:36  SCV  
  163  15:48  SCV  
  164  16:00  Terran Vehicle And Ship Armor Level 2, SCV, Terran Vehicle Weapons Level 3  
  164  16:01  Smart Servos  
  165  16:06  Thor x4  
  189  16:14  Factory  
  189  16:17  Planetary Fortress  
  189  16:42  Planetary Fortress  
  189  16:49  Thor  
  193  17:12  Thor  
  199  17:32  Factory Reactor, Factory Tech Lab x2  
  143  18:10  Thor x2  
  143  18:11  Missile Turret  
  143  18:12  Refinery, Hellbat x3  
  147  18:13  Missile Turret  
  147  18:14  Refinery  
  135  18:27  Thor x3, Hellbat x3  
  141  18:33  SCV  
  160  18:45  SCV  
  159  18:57  SCV  
  160  19:07  Thor x3  
  160  19:08  Hellbat x2  
  160  19:09  Hellbat x2  
  186  19:25  Thor x2  
  198  19:54  SCV  
  199  20:02  Refinery  
  199  20:03  SCV  
  199  20:05  Refinery  
  199  20:06  SCV  
Show
View Real Time Build Order
Export as new Build Order

SoundWave Protoss 

Build Orders:  

Get SALT Encoding   

  1  0:00  Probe  
  13  0:07  Probe  
  14  0:18  Pylon  
  14  0:21  Probe  
  15  0:38  Probe, Gateway  
  16  0:44  Assimilator  
  17  0:57  Probe  
  17  1:04  Pylon  
  17  1:09  Probe  
  18  1:19  Assimilator  
  18  1:21  Probe  
  18  1:23  Zealot  
  19  1:27  Cybernetics Core  
  21  1:33  Probe  
  22  1:45  Probe  
  23  1:49  Zealot  
  23  1:53  Warp Gate  
  25  1:57  Probe  
  26  2:02  Pylon  
  26  2:15  Twilight Council  
  26  2:20  Stalker  
  28  2:40  Charge  
  28  2:52  Stalker  
  30  2:58  Gateway  
  30  3:22  Stalker  
  30  3:25  Pylon  
  32  3:27  Robotics Facility  
  32  3:54  Gateway  
  32  4:03  Nexus  
  32  4:09  Zealot  
  34  4:10  Assimilator  
  34  4:11  Zealot  
  34  4:12  Assimilator  
  36  4:20  Probe  
  37  4:28  Probe  
  37  4:36  Blink  
  37  4:37  Probe  
  39  4:49  Probe  
  40  5:01  Probe  
  40  5:06  Observer  
  42  5:13  Probe  
  43  5:15  Probe, Robotics Bay  
  44  5:23  Probe  
  44  5:26  Probe  
  46  5:33  Probe  
  47  5:43  Probe  
  47  5:45  Probe  
  49  5:55  Probe  
  50  5:57  Probe  
  50  6:01  Forge x2  
  51  6:07  Probe  
  51  6:08  Colossus  
  51  6:09  Probe  
  52  6:20  Probe x2  
  52  6:23  Protoss Ground Weapons Level 1  
  52  6:24  Protoss Ground Armor Level 1  
  60  6:27  Pylon  
  60  6:28  Probe  
  60  6:30  Pylon  
  60  6:32  Probe  
  62  6:41  Extended Thermal Lance  
  62  6:43  Probe  
  63  6:55  Probe  
  63  7:00  Gateway  
  64  7:02  Zealot x2  
  64  7:03  Zealot  
  64  7:04  Gateway  
  70  7:12  Colossus  
  76  7:42  Nexus, Pylon  
  76  7:46  Pylon  
  76  7:49  Pylon  
  76  7:50  Probe  
  77  7:53  Assimilator  
  77  7:58  Assimilator  
  77  8:02  Probe, Protoss Ground Weapons Level 2  
  78  8:13  Sentry  
  78  8:14  Probe  
  78  8:15  Sentry  
  78  8:16  Stalker x2  
  78  8:17  Stalker  
  89  8:21  Colossus  
  89  8:26  Probe  
  96  8:27  Protoss Ground Armor Level 2  
  96  8:38  Probe  
  97  8:49  Probe  
  97  8:52  Probe  
  99  9:00  Probe  
  99  9:01  Probe  
  100  9:04  Probe  
  100  9:07  Stalker x2  
  100  9:08  Zealot, Probe  
  108  9:10  Zealot  
  108  9:13  Probe  
  108  9:16  Probe  
  113  9:17  Probe  
  114  9:25  Probe  
  114  9:28  Probe  
  114  9:30  Probe  
  117  9:33  Pylon  
  117  9:36  Pylon  
  117  9:37  Pylon  
  117  9:45  Pylon  
  117  9:47  Robotics Facility, Pylon  
  117  9:51  Probe x3, Colossus  
  120  9:55  Stalker  
  120  9:56  Stalker x2  
  120  9:57  Zealot x2  
  136  10:18  Stalker  
  136  10:19  Stalker  
  136  10:20  Stalker  
  136  10:21  Zealot x2  
  146  10:33  Protoss Ground Weapons Level 3  
  146  10:36  Colossus  
  146  10:41  Pylon  
  152  10:43  Pylon  
  152  10:50  Zealot x2, Protoss Ground Armor Level 3  
  156  11:05  Nexus  
  156  11:08  Pylon  
  156  11:09  Colossus  
  156  11:10  Pylon  
  162  11:13  Assimilator  
  162  11:19  Assimilator  
  162  11:23  Stalker  
  162  11:24  Stalker  
  162  11:25  Stalker  
  168  11:26  Zealot x2  
  168  11:30  Pylon  
  168  11:32  Pylon  
  172  12:09  Stalker x2  
  172  12:10  Zealot x3  
  182  12:29  Colossus x2  
  194  13:12  Stargate  
  194  13:25  Protoss Shields Level 1  
  194  13:44  Stalker x2  
  194  13:45  Stalker  
  76  15:01  Stalker x4  
  76  15:02  Stalker  
  80  15:08  Colossus x2  
  88  15:34  Stalker x3  
  88  15:35  Stalker x2  
  98  15:42  Probe, Gateway  
  99  15:43  Gateway  
  99  15:45  Gateway  
  99  15:52  Colossus  
  99  15:54  Probe  
  100  15:57  Protoss Shields Level 2  
  100  15:58  Stalker  
  100  15:59  Stalker x4  
  100  16:02  Colossus  
  122  16:06  Probe  
  123  16:18  Probe  
  123  16:22  Stalker x3  
  123  16:23  Stalker x2  
  134  16:31  Probe  
  131  16:58  Stalker  
  133  17:01  Zealot  
  133  17:02  Zealot x3  
  133  17:03  Zealot x3  
  147  17:34  Stalker  
  147  17:35  Stalker  
  147  17:36  Stalker  
  147  17:37  Stalker x5  
  79  18:01  Stalker x4  
  79  18:02  Stalker x3  
  79  18:03  Stalker  
  65  18:21  Warp Prism  
  67  18:36  Stalker  
  67  18:37  Stalker x2  
  67  18:38  Stalker x4  
  67  18:39  Stalker  
  59  18:50  Colossus  
  59  18:51  Colossus  
  71  19:18  Stalker  
  71  19:19  Stalker x5  
  71  19:20  Stalker x2  
  87  19:46  Stalker x2  
  87  19:47  Stalker x3  
  87  19:49  Sentry  
  87  19:52  Sentry  
  101  19:54  Stalker  
  101  20:12  Stalker x3  
  101  20:13  Stalker x3  
  59  20:29  Stalker  
  59  20:30  Stalker  
Tags
 
Composition
Mech
Matchup
PvT
Spawn Locations
Cross Positions
Add a new tag
Caveats
  • Supply blocks, unpowered buildings, or Contaminate may cause inaccurate times.
  • Supply counts are checked every 10 seconds.